cohdb
Replays
Latest Replays
All Replays
Popular Replays
Top Player Replays
Match Explorer
How It Works
Community
CoH3 Stats
Reddit
Sign in to upload your games and track your stats! →
Sign in with Steam
Match 44690771
Unlisted
Match 44690771
Overview
Messages
Build Orders
End
Kradschützen Motorcycle Team
Panzergrenadier Squad
Panzerpioneer Squad
Panzergrenadier Squad
Selects Battlefield Espionage Battlegroup
Construct Light Support Kompanie
Fire Support Elements
Selects Intel Disruption Beacon
Panzerjäger Mechanized Group
Selects Transfer Depots
Panzerjäger Squad
Veteran Squad Leaders
Selects 250/3 Funkpanzerwagen
Construct Panzerarmee Kommand
Panzer III L Medium Tank
2.5-tonne Medical Truck
Emergency Repair Kits
Panzer III L Medium Tank
Tungsten Core Ammunition
Armored Reserves
Panzer IV Assault Group
Vehicle Survival Package
Selects Anti-Tank Incendiary Munitions
Selects Firestorm
Selects Operation Skorpion
Walking Stuka Rocket Launcher
Firestorm
Panzer IV Assault Group
Panzer IV Assault Group
Rapid Advance
chobandi
Mustache and Melons
Luckyman55
Jimmy English
0
0
Comments
sign in to comment!
No comments posted yet!